 Dungeon Crawl Stone Soup version 0.18.1-48-g4cf74bf (webtiles) character file.

56 Peloso the Skirmisher (level 3, 0/34 HPs)
             Began as a Minotaur Fighter on July 23, 2016.
             Slain by a white imp (2 damage)
             ... summoned by Natasha
             ... on level 2 of the Dungeon.
             The game lasted 00:03:42 (1638 turns).

Peloso the Skirmisher (Minotaur Fighter)            Turns: 1638, Time: 00:03:42

Health: 0/34       AC: 11    Str: 20    XL:     3   Next: 71%
Magic:  2/2        EV:  4    Int:  5    God:
Gold:   132        SH:  9    Dex: 10    Spells: 0 memorised, 2 levels left

rFire  . . .     SeeInvis .     a - +0 long sword
rCold  . . .     Gourm    .     e - +0 plate armour
rNeg   . . .     Faith    .     c - +0 shield
rPois  .         Spirit   .     (helmet restricted)
rElec  .         Dismiss  .     (no cloak)
rCorr  .         Reflect  .     (no gloves)
SustAt .         Harm     .     (no boots)
MR     .....                    (no amulet)
Stlth  ..........               (no ring)
                                (no ring)

@: slowed, very slow, not resistant to hostile enchantments, extremely
unstealthy
A: retaliatory headbutt, horns 2
a: no special abilities


You were on level 2 of the Dungeon.
You were hungry.

You visited 1 branch of the dungeon, and saw 3 of its levels.

You collected 132 gold pieces.

Inventory:

Hand Weapons
 a - a +0 long sword (weapon)
 q - a +2 flail of protection
Armour
 c - a +0 shield (worn)
 e - a +0 plate armour (worn)
Jewellery
 i - an uncursed amulet of the gourmand {unknown}
 p - an uncursed ring of flight {unknown}
Scrolls
 j - a scroll of remove curse {unknown}
 l - a scroll of enchant weapon {unknown}
 m - a scroll of enchant armour {unknown}
 r - a scroll of identify {unknown}
Potions
 d - 2 potions of might
 g - a potion of brilliance {unknown}
 h - a potion of ambrosia {unknown}
 k - 2 potions of curing {unknown}
 o - a potion of berserk rage {unknown}
 s - a potion of agility {unknown}
 t - a potion of invisibility {unknown}
Comestibles
 b - a beef jerky
 f - 3 bread rations
 n - a chunk of flesh


   Skills:
 + Level 4.3 Fighting
 + Level 2.9 Long Blades
 + Level 4.3 Armour
 + Level 0.2 Dodging
 + Level 4.1 Shields


You had 2 spell levels left.
You didn't know any spells.

Dungeon Overview and Level Annotations

Branches:
Dungeon (3/15)

Altars:
Ru

Annotations:
D:2 Natasha


Innate Abilities, Weirdness & Mutations

You reflexively headbutt those who attack you in melee.
You have a pair of horns on your head.


Message History

The jackal bites you.
* * * LOW HITPOINT WARNING * * *
You closely miss Natasha.
Natasha is heavily wounded.
You block the jackal's attack. x2; You block Natasha's attack.
The white imp hits you.
* * * LOW HITPOINT WARNING * * *
The white imp freezes you.
* * * LOW HITPOINT WARNING * * *
You block the jackal's attack.
The jackal bites you but does no damage.
The white imp hits you but does no damage.
Natasha claws you but does no damage.
The jackal bites you but does no damage.
You hit Natasha.
Natasha is severely wounded.
You block the jackal's attack.
The jackal bites you but does no damage.
The white imp hits you.
You die...

############# ###
#....#......# #..
#....#......# #..
####.hh5#......# #..
#....h@........# #..
#.##...........# #..
#..............######..
#..≈≈≈≈≈.≈≈≈≈...#...#..
#..≈≈≈≈≈.≈≈≈≈...#.#.#..
#..≈≈≈≈≈.≈≈≈≈.........#
#..≈≈≈≈≈.≈≈≈≈.....÷....
#........≈≈≈≈..##.###.#
#..≈≈≈≈...............#


You could see Natasha, a white imp and 2 jackals.

Vanquished Creatures
  An adder (D:2)
  An ooze (D:1)
  3 giant geckos (D:1)
  8 goblins
  5 hobgoblins
  3 jackals (D:1)
  7 kobolds
  A quokka (D:2)
  3 bats
  2 giant newts (D:2)
  5 rats
39 creatures vanquished.

Notes
Turn   | Place    | Note
--------------------------------------------------------------
     0 | D:1      | Peloso the Minotaur Fighter began the quest for the Orb.
     0 | D:1      | Reached XP level 1. HP: 19/19 MP: 0/0
   108 | D:1      | Reached XP level 2. HP: 26/27 MP: 1/1
   751 | D:1      | Reached XP level 3. HP: 33/33 MP: 2/2
  1320 | D:2      | Found a sacrificial altar of Ru.
  1625 | D:3      | Noticed Natasha
  1638 | D:2      | Slain by a white imp

Skill      XL: |  1  2  3 |
---------------+----------+-----
Fighting       | 4 |  4.3
Armour         | 4 |  4.3
Shields        | 4 |  4.1
Long Blades    | |  2.9
Dodging        | |  0.2

Action                   || total
-------------------------++-------
Melee: Long sword        ||   123
       Headbutt          ||    19
  Eat: Chunk             ||     2
Armor: Scale mail        ||     9
       Plate armour      ||    94
Dodge: Dodged            ||    22
Block: Shield            ||    91
